 Dungeon Crawl Stone Soup version 0.29.1-12-g30fa7ad0bf (webtiles) character file.

Game seed: 14380271537489673785

165 MacCMillion the Digger (level 5, -24/28 HPs)
             Began as a Gargoyle Earth Elementalist on Dec 12, 2022.
             Was an Initiate of Vehumet.
             Engulfed by a cloud of flame (30 damage)
             ... on level 3 of the Dungeon.
             The game lasted 00:08:18 (2688 turns).

MacCMillion the Digger (GrEE)                       Turns: 2688, Time: 00:08:19

Health: -24/28     AC:  8    Str: 11    XL:     5   Next: 46%
Magic:  9/9        EV: 12    Int: 18    God:    Vehumet [......]
Gold:   168        SH:  0    Dex: 10    Spells: 6/10 levels left

rFire   . . .      SeeInvis .   m - +0 sling
rCold   . . .      Faith    .   (no shield)
rNeg    + . .      Spirit   .   a - +0 robe
rPois   ∞          Reflect  .   (no helmet)
rElec   +          Harm     .   p - +0 cloak
rCorr   .          Rampage  .   c - +0 pair of gloves
Will    .....                   (no boots)
Stlth   ++........              (no amulet)
HPRegen 0.09/turn               (no ring)
MPRegen 0.11/turn               (no ring)

@: no status effects
A: sickness immunity, AC +4, negative energy resistance 1, electricity
resistance, torment resistance 1, petrification resistance
a: Renounce Religion


You were on level 3 of the Dungeon.
You worshipped Vehumet.
Vehumet was noncommittal.
You visited 1 branch of the dungeon, and saw 3 of its levels.

You collected 168 gold pieces.

Inventory:

Hand Weapons
 m - a +0 sling (weapon)
 o - a +3 dagger
Missiles
 l - 2 throwing nets
Armour
 a - a +0 robe (worn)
 c - a +0 pair of gloves (worn)
 p - a +0 cloak (worn)
Scrolls
 d - a scroll of butterflies {unknown}
 g - a scroll of enchant armour {unknown}
 i - a scroll of brand weapon {unknown}
 j - a scroll of identify {unknown}
 k - a scroll of enchant weapon {unknown}
Potions
 b - a potion of magic
 e - a potion of haste {unknown}
 f - 2 potions of curing {unknown}
 h - 2 potions of flight {unknown}
 n - a potion of berserk rage {unknown}


   Skills:
 - Level 1.6 Dodging
 - Level 2.2 Stealth
 - Level 3.0 Spellcasting
 + Level 2.3 Conjurations
 - Level 0.8 Transmutations
 + Level 5.7 Earth Magic


You had 6 spell levels left.
You knew the following spells:

 Your Spells              Type           Power      Damage    Failure   Level
a - Sandblast             Erth           46%        2d11      1%          1
b - Stone Arrow           Conj/Erth      34%        3d9       10%         3

Your spell library contained the following spells:

 Spells                   Type           Power      Damage    Failure   Level
 Passwall                 Tmut/Erth      11%        N/A       6%          2
 Apportation              Tloc           4%         N/A       16%         1
 Petrify                  Tmut/Erth      14%        N/A       38%         4
 Confusing Touch          Hex            2%         N/A       43%         3
 Alistair's Intoxication  Tmut/Pois      2%         N/A       98%         5
 Yara's Violent Unravell  Hex/Tmut       2%         3d3       98%         5
 Enfeeble                 Hex            1%         N/A       100%        7


Dungeon Overview and Level Annotations

Branches:
Dungeon (3/15)

Altars:
Vehumet

Annotations:
D:2 Sigmund
D:3 2 runed translucent doors, Nimbul's ghost, amateur DrEn


Innate Abilities, Weirdness & Mutations

You are immune to sickness and miasma.
Your stone body is resilient. (AC +4)
You are immune to poison.
You resist negative energy. (rN+)
You are resistant to electric shocks. (rElec)
You are resistant to unholy torment.
You are immune to petrification.


Message History

You kill the bat!
You see here a bat corpse.
Found a radiant altar of Vehumet.
A bat comes into view.
Found a ring of fire.
Nimbul's ghost turns its malevolent gaze towards you.
Really walk into a travel-excluded area?
You are engulfed in blazing flames.
Ouch! That really hurt!
You start resting.
A bat is nearby!
You start resting.
A goblin comes into view. It is wielding a +0 club.
A goblin is nearby!
Unknown command.
You shoot a sling bullet.
The sling bullet barely misses the goblin.
The goblin shouts!
The goblin is engulfed in blazing flames.
The goblin dies!
You start resting.
A bat is nearby!
A bat is nearby!
You shoot a sling bullet. The sling bullet hits the bat.
The bat is severely wounded.
You shoot a sling bullet. The sling bullet hits the bat.
You kill the bat!
You start resting.
HP restored.
Nimbul's ghost turns its malevolent gaze towards you.
Really walk into a travel-excluded area?
You are engulfed in blazing flames.
Ouch! That really hurt!
* * * LOW HITPOINT WARNING * * *
There is a radiant altar of Vehumet here.
You kneel at the altar of Vehumet.
Vehumet welcomes you!
You are engulfed in blazing flames.
Ouch! That really hurt!
You die...

#.......##......
##
#.......#Z..###..
#
#.......#.....##..
#.......##.....
#........#.....
#........#W..=. .
#.......##.#...
#.§.○...# .# ..
#..@○○..# #
#.○○..#.#
#.....#.#
###...#..
.........
#..........
#...........
#............
#..........


You could see Nimbul's ghost.

Vanquished Creatures
  8 gnolls (D:2)
  2 adders
  2 worms (D:2)
  A dart slug (D:1)
  An orc (D:2)
  7 endoplasms
  2 giant cockroaches (D:1)
  3 goblins
  4 hobgoblins
  4 jackals (D:1)
  13 kobolds
  2 quokkas
  A ball python (D:2)
  8 bats
  2 frilled lizards (D:1)
  5 rats
65 creatures vanquished.

Vanquished Creatures (others)
  A goblin (D:3)
1 creature vanquished.

Grand Total: 66 creatures vanquished

Notes
Turn   | Place    | Note
-------+----------+-------------------------------------------
     0 | D:1      | MacCMillion the Gargoyle Earth Elementalist began the quest
                  | for the Orb.
     0 | D:1      | Reached XP level 1. HP: 10/10 MP: 3/3
   195 | D:1      | Reached XP level 2. HP: 10/15 MP: 0/5
   519 | D:1      | Reached skill level 4 in Earth Magic
   836 | D:1      | Reached XP level 3. HP: 19/19 MP: 4/6
  1230 | D:2      | Noticed Sigmund
  1508 | D:2      | Reached XP level 4. HP: 24/24 MP: 0/8
  1585 | D:2      | Found a faded altar of an unknown god.
  1679 | D:2      | Learned a level 3 spell: Stone Arrow
  1703 | D:2      | Reached skill level 5 in Earth Magic
  1706 | D:2      | Reached skill level 1 in Conjurations
  1772 | D:2      | Reached XP level 5. HP: 28/28 MP: 5/9
  2457 | D:3      | Found a runed translucent gate.
  2457 | D:3      | Found a runed translucent gate.
  2512 | D:3      | Found a radiant altar of Vehumet.
  2514 | D:3      | Noticed Nimbul's ghost (amateur DrEn)
  2688 | D:3      | Became a worshipper of Vehumet
  2688 | D:3      | Engulfed by a cloud of flame

Illustrated notes

Levels and vault maps discovered:
D:1:      ncdulo_wetmaze, layout_rooms
D:2:      layout_basic, shapermc_ecumenical_altar_pompeii,
          minmay_misc_feat_secret_circle, minmay_curled_crystal, uniq_sigmund
D:3:      layout_basic, fiery_altar_vehumet, gammafunk_ghost_icy, serial_shops,
          nicolae_shop_hallway_plus

Skill      XL: |  1  2  3  4  5 |
---------------+----------------+-----
Earth Magic    | 4 5 |  5.7
Spellcasting   | 3 |  3.0
Conjurations   | 1 2 |  2.3
Dodging        | |  1.6
Stealth        | |  2.2
Transmutations | |  0.8

Action                   |  1- 3 |  4- 6 || total
-------------------------+-------+-------++-------
Melee: Short sword       |    13 |       ||    13
 Fire: Sling             |    22 |    32 ||    54
 Cast: Sandblast         |    55 |    34 ||    89
Armor: Robe              |    19 |     3 ||    22
Dodge: Dodged            |    32 |     3 ||    35
